 Dungeon Crawl Stone Soup version 0.31-a0-818-ge7c7cf74f0 (webtiles) character file.

Game seed: 3487313868829963221

52 avis the Ducker (level 3, 16/16 HPs)
             Began as a Felid Shapeshifter on Sept 23, 2023.
             Got out of the dungeon alive.
             The game lasted 00:06:30 (951 turns).

avis the Ducker (Felid Shapeshifter)                 Turns: 951, Time: 00:06:31

Health: 16/16      AC:  1    Str: 12    XL:     3   Next: 60%
Magic:  4/4        EV: 18    Int: 11    God:
Gold:   69         SH:  0    Dex: 15    Spells: 2/2 levels left
                                        Lives:  0   Deaths: 1

rFire   . .          .
                       - Unarmed
rCold   . . .        (shield unavailable)
rNeg    . . .        (body armour unavailable)
rPois   .            (helmet unavailable)
rElec   .            (cloak unavailable)
rCorr   .            (gloves unavailable)
SInv    +            (boots unavailable)
Will    .....        (no amulet)
Stlth   ++           (no ring)
HPRegen 0.22/turn    (no ring)
MPRegen 0.09/turn

%: no passive effects
@: beast-form, quick
A: beast (slay +1), very small, claws 1, fangs 3, see invisible, speed 1, shaggy
fur 1, stealthy paws, no weapons or thrown items, no armour, multi-lived
a: Begin Untransformation


You escaped.
You were a hulking beast.
You visited 1 branch of the dungeon, and saw 2 of its levels.

You collected 69 gold pieces.

Inventory:

Talismans
 b - a beast talisman (active)
 c - a flux talisman
Scrolls
 g - a scroll of teleportation {unknown}
Potions
 a - a potion of lignification
 d - a potion of brilliance {unknown}
 e - a potion of curing {unknown}
 f - a potion of magic {unknown}
 h - 2 potions of mutation {unknown}


   Skills:
 * Level 1.7 Fighting
 - Level 4.0 Dodging
 - Level 3.0 Stealth
 - Level 3.0 Unarmed Combat
 - Level 3.2 Shapeshifting


You had 2 spell levels left.
You didn't know any spells.
Your spell library contained the following spells:

 Spells                   Type           Power      Damage    Failure   Level
 Tukima's Dance           Hex            0%         N/A       71%         3
 Iskenderun's Mystic Bla  Conj/Tloc      0%         2d3       98%         4
 Dimensional Bullseye     Hex/Tloc       Unusable   N/A       N/A         4

Dungeon Overview and Level Annotations

Branches:
Dungeon (2/15)

Altars:

Shops:
D:2 =


Innate Abilities, Weirdness & Mutations

You are a hulking beast.
Your limbs bulge with bestial killing power. (Slay +1)
You have sharp claws.
You have razor-sharp teeth.
You have supernaturally acute eyesight. (SInv)
You cover ground quickly. (Speed+)
You are covered in fur. (AC +1)
Your paws help you pounce on unaware monsters.
You are incapable of wielding weapons or throwing items.
You cannot wear armour.
You gain extra lives every three experience levels.


Message History

You kill the goblin!
The bat hits you.
You barely miss the bat. The bat barely misses you.
You scratch the bat.
You kill the bat!
You see here a bat corpse.
h - 2 fuming yellow potions (gained 1)
Things that are here:
a +0 club; a goblin corpse
Found Ontesyis's Jewellery Shop.
Found 5 javelins.
A worm comes into view.
A frilled lizard comes into view.
The worm closely misses you.
A quokka comes into view.
You claw the worm!
The worm is moderately wounded.
The worm bites you!
Ouch! That really hurt!
You barely miss the worm.
The worm is moderately wounded.
The worm bites you. The frilled lizard misses you.
You scratch the worm.
The worm is heavily wounded.
The frilled lizard bites you.
* * * LOW HITPOINT WARNING * * *
The worm attacks as it pursues you! The worm barely misses you.
Found a scroll labelled CUYTWO RORCHE.
The quokka misses you. The quokka misses you.
The quokka attacks as it pursues you! The quokka bites you.
You die...
Your shape twists and changes as you die.
You rejoin the land of the living...
Found 12 gold pieces.
There is a stone staircase leading up here.
You climb upwards.
There is a stone staircase leading down here.
You see here a +0 robe.
There is a staircase leading out of the dungeon here.
You have escaped!

#..### #.#.#.#.#..... #.##
#.#.#.#.###.## #.####
#.#.#.#...#.#
#.##[♣####.#.#.#.....#
#.#.♣.♣[.#.#.#.#.######
#..##♣.♣#..#.#.#.......
####♣..###.#.#.######## ♣..♣
#.#.#......... #♣h♣
#.#.########## #♣#
#........##... #........##.##
################........##.##
#................#'###.......
#.################.###.......
#.# #.##........ #.#
#.##........
#.################.##........


There were no monsters in sight!

Vanquished Creatures
  2 adders
  3 ball pythons (D:1)
  An endoplasm (D:1)
  2 goblins
  3 hobgoblins (D:1)
  7 jackals (D:1)
  A quokka (D:1)
  4 bats
  5 frilled lizards
  2 kobolds (D:1)
  4 rats (D:1)
34 creatures vanquished.

Notes
Turn   | Place    | Note
-------+----------+-------------------------------------------
     0 | D:1      | avis the Felid Shapeshifter began the quest for the Orb.
     0 | D:1      | Reached XP level 1. HP: 9/9 MP: 2/2
   103 | D:1      | Reached skill level 1 in Stealth
   114 | D:1      | Reached XP level 2. HP: 12/12 MP: 3/3
   396 | D:1      | Reached skill level 3 in Dodging
   612 | D:1      | Reached XP level 3. HP: 15/15 MP: 4/4
   766 | D:1      | Reached skill level 4 in Dodging
   892 | D:2      | Found Ontesyis's Jewellery Shop.
   909 | D:2      | Slain by a quokka
   951 | D:$      | Got out of the dungeon alive.

Illustrated notes

Levels and vault maps discovered:
D:1:      pf_arrival_petrified_forest, layout_basic
D:2:      layout_rooms, dreamdust_ecumenical_altar_angels_and_demons,
          serial_shops, shop, grunt_ministairs_2, interstate_on_off,
          supply_closet_lemuel, serial_park_tiny_pond, uniq_natasha,
          uniq_sigmund

Skill      XL: |  1  2  3 |
---------------+----------+-----
Stealth        | 2 3 |  3.0
Dodging        | 3 4 |  4.0
Fighting       | |  1.7
Unarmed Combat | |  3.0
Shapeshifting  | |  3.2

Action                     || total
---------------------------++-------
  Melee: Unarmed           ||    74
         Bite              ||     8
         Punch             ||     1
   Stab: Sleeping          ||     3
 Armour: Skin              ||    15
  Dodge: Dodged            ||    66

Table legend: (Time is in decaauts)
 A = Elapsed time spent in this place.
 B = Non-inter-level travel time spent in this place.
 C = Inter-level travel time spent in this place.
 D = Time resting spent in this place.
 E = Time spent auto-exploring this place.
 F = Levels seen in this place.
 G = Mean time per level.
                   A        B        C        D        E       F      G
               +--------+--------+--------+--------+--------+-----+--------+
         Total |    796 |    715 |     81 |     55 |    422 |   2 |  398.0 |
       Dungeon |    796 |    715 |     81 |     55 |    422 |   2 |  398.0 |
               +--------+--------+--------+--------+--------+-----+--------+

Top non-repeatable levels by time:
     D:1: 734 daAuts
     D:2: 62 daAuts
